ORI
UNIVERSITY OF GEORGIA BULLDOGS @ OREGON STATE UNIVERSITY BEAVERS
11/17/2045
 
TOP OF THE 1ST
Jupiter Hammerheads batting - Pitching for St. Lucie Mets : RHP Jeff Wemp
Pitching: RHP Jeff Wemp
Batting: RHB Lu Tieh 0-0: Called Strike
0-1: Ground out 6-3 (Groundball, 6, EV 84.4 MPH)
Batting: LHB Joe Rosser 0-0: Called Strike
0-1: Ball
1-1: Foul Ball, location: 2F
1-2: Ground out U3 (Groundball, 3, EV 96.3 MPH)
Batting: LHB Randy Racine 0-0: Ball
1-0: SOLO HOME RUN (Flyball, 89XD, EV 88.1 MPH), Distance : 401 ft
Batting: RHB Armando Colon 0-0: Called Strike
0-1: SOLO HOME RUN (Flyball, 7D, EV 96.3 MPH), Distance : 400 ft
Batting: LHB Juan Alba 0-0: Swinging Strike
0-1: Ball
1-1: Foul Ball, location: 2F
1-2: Ball
2-2: Foul Ball, location: 2F
2-2: Ground out 6-3 (Groundball, 56, EV 85.6 MPH)
Top of the 1st over - 2 runs, 2 hits, 0 errors, 0 left on base; Jupiter 2 - St. Lucie 0
BOTTOM OF THE 1ST
St. Lucie Mets batting - Pitching for Jupiter Hammerheads : RHP Frank Vasquez
Pitching: RHP Frank Vasquez
Batting: RHB José Molina 0-0: Called Strike
0-1: Ball
1-1: Fly out, F4 (Popup, 34, EV 55.0 MPH)
Batting: LHB Julio Crespo 0-0: Ball
1-0: Called Strike
1-1: Called Strike
1-2: Strikes out swinging
Batting: LHB Allen Cosentino 0-0: Ball
1-0: Ball
2-0: Ball
3-0: Ground out U3 (Groundball, 34, EV 83.1 MPH)
Bottom of the 1st over - 0 runs, 0 hits, 0 errors, 0 left on base; Jupiter 2 - St. Lucie 0
TOP OF THE 2ND
Jupiter Hammerheads batting - Pitching for St. Lucie Mets : RHP Jeff Wemp
Batting: RHB Fytor Sousa 0-0: Ground out U3 (Groundball, 34, EV 95.6 MPH)
Batting: SHB Mike Masterson 0-0: Called Strike
0-1: SINGLE (Groundball, P, EV 85.0 MPH) (infield hit)
Batting: LHB Jason McCants 0-0: Ball
1-0: Grounds into double play, 3-6-1 (Groundball, 3, EV 101.9 MPH)
Top of the 2nd over - 0 runs, 1 hit, 0 errors, 0 left on base; Jupiter 2 - St. Lucie 0
BOTTOM OF THE 2ND
St. Lucie Mets batting - Pitching for Jupiter Hammerheads : RHP Frank Vasquez
Batting: LHB Chris Pulsipher 0-0: Swinging Strike
0-1: Fly out, F9 (Flyball, 9D, EV 97.5 MPH)
Batting: RHB Dave Contreras 0-0: Foul Ball, location: 2F
0-1: Ball
1-1: DOUBLE (Line Drive, 8RXD, EV 102.5 MPH)
Batting: SHB Tomas Caldera 0-0: Called Strike
0-1: Called Strike
0-2: Foul Ball, location: 2F
0-2: Ground out 4-3 (Groundball, 4M, EV 86.3 MPH)
Dave Contreras to third
Batting: RHB Jarne ter Horst 0-0: Called Strike
0-1: Called Strike
0-2: Ball
1-2: SINGLE (Flyball, 89S, EV 91.9 MPH)
Dave Contreras scores
Batting: RHB Jeff Wemp 0-0: Ground out U3 (Groundball, 34, EV 86.9 MPH)
Bottom of the 2nd over - 1 run, 2 hits, 0 errors, 1 left on base; Jupiter 2 - St. Lucie 1
TOP OF THE 3RD
Jupiter Hammerheads batting - Pitching for St. Lucie Mets : RHP Jeff Wemp
Batting: RHB Frank Vasquez 0-0: Foul Ball, location: 2F
0-1: Ball
1-1: Foul Ball, location: 2F
1-2: Strikes out looking
Batting: RHB Lu Tieh 0-0: Foul Ball, location: 2F
0-1: Called Strike
0-2: Ball
1-2: Strikes out looking
Batting: LHB Joe Rosser 0-0: Called Strike
0-1: Foul Ball, location: 2F
0-2: Ground out 5-3 (Groundball, 5, EV 106.9 MPH)
Top of the 3rd over - 0 runs, 0 hits, 0 errors, 0 left on base; Jupiter 2 - St. Lucie 1
BOTTOM OF THE 3RD
St. Lucie Mets batting - Pitching for Jupiter Hammerheads : RHP Frank Vasquez
Batting: RHB Steve Reichart 0-0: Called Strike
0-1: Foul Ball, location: 2F
0-2: Strikes out swinging
Batting: RHB José Molina 0-0: Ball
1-0: Called Strike
1-1: Swinging Strike
1-2: Strikes out swinging
Batting: LHB Julio Crespo 0-0: Called Strike
0-1: Ball
1-1: Ball
2-1: Foul Ball, location: 2F
2-2: Ball
3-2: Foul Ball, location: 2F
3-2: Base on Balls
Batting: LHB Allen Cosentino 0-0: Foul Ball, location: 2F
0-1: Ball
1-1: DOUBLE (Groundball, 3L, EV 94.4 MPH)
Julio Crespo to third
Runner from 3rd tries for Home, SAFE, no throw by RF
Batting: LHB Chris Pulsipher 0-0: Ball
1-0: Fly out, F1 (Line Drive, P, EV 66.3 MPH)
Bottom of the 3rd over - 1 run, 1 hit, 0 errors, 1 left on base; Jupiter 2 - St. Lucie 2
TOP OF THE 4TH
Jupiter Hammerheads batting - Pitching for St. Lucie Mets : RHP Jeff Wemp
Batting: LHB Randy Racine 0-0: Called Strike
0-1: Fly out, F9 (Flyball, 8RM, EV 82.5 MPH)
Batting: RHB Armando Colon 0-0: Called Strike
0-1: Ball
1-1: Called Strike
1-2: Ball
2-2: Foul Ball, location: 2F
2-2: Foul Ball, location: 2F
2-2: Foul Ball, location: 2F
2-2: Foul Ball, location: 2F
2-2: Strikes out swinging
Batting: LHB Juan Alba 0-0: Ball
1-0: Foul Ball, location: 2F
1-1: Foul Ball, location: 2F
1-2: TRIPLE (Groundball, 5L, EV 108.1 MPH)
Batting: RHB Fytor Sousa 0-0: Foul Ball, location: 2F
0-1: Called Strike
0-2: Ground out 5-3 (Groundball, 5, EV 81.9 MPH)
Top of the 4th over - 0 runs, 1 hit, 0 errors, 1 left on base; Jupiter 2 - St. Lucie 2
BOTTOM OF THE 4TH
St. Lucie Mets batting - Pitching for Jupiter Hammerheads : RHP Frank Vasquez
Batting: RHB Dave Contreras 0-0: Called Strike
0-1: Ball
1-1: Ball
2-1: SINGLE (Groundball, 6MD, EV 103.8 MPH)
Batting: SHB Tomas Caldera 0-0: Ball
1-0: Called Strike
Pickoff Throw by Catcher to First - Out!
1-1: Called Strike
1-2: Strikes out swinging
Batting: RHB Jarne ter Horst 0-0: Called Strike
0-1: Foul Ball, location: 2F
0-2: SINGLE (Groundball, 56D, EV 103.8 MPH)
Batting: RHB Jeff Wemp 0-0: Ball
1-0: Fly out, F7 (Flyball, 7, EV 88.1 MPH)
Bottom of the 4th over - 0 runs, 2 hits, 0 errors, 1 left on base; Jupiter 2 - St. Lucie 2
TOP OF THE 5TH
Jupiter Hammerheads batting - Pitching for St. Lucie Mets : RHP Jeff Wemp
Batting: SHB Mike Masterson 0-0: Foul Ball, location: 2F
0-1: Ball
1-1: Ground out 3-1 (Groundball, 34, EV 86.9 MPH)
Batting: LHB Jason McCants 0-0: Ball
1-0: Ball
2-0: Foul Ball, location: 2F
2-1: Ball
3-1: Base on Balls
Batting: RHB Frank Vasquez 0-0: Bunt missed!
0-1: Ball
1-1: Bunt missed!
1-2: Bunted foul, Strikeout!
Batting: RHB Lu Tieh 0-0: Foul Ball, location: 2F
0-1: Ball
1-1: Foul Ball, location: 2F
1-2: Foul Ball, location: 2F
1-2: Ball
2-2: Strikes out swinging
Top of the 5th over - 0 runs, 0 hits, 0 errors, 1 left on base; Jupiter 2 - St. Lucie 2
BOTTOM OF THE 5TH
St. Lucie Mets batting - Pitching for Jupiter Hammerheads : RHP Frank Vasquez
Batting: RHB Steve Reichart 0-0: SINGLE (Flyball, 4MD, EV 83.8 MPH)
Batting: RHB José Molina 0-0: Ball
1-0: 2-RUN HOME RUN (Line Drive, 78XD, EV 98.8 MPH), Distance : 414 ft
Batting: LHB Julio Crespo 0-0: Ball
1-0: Called Strike
1-1: Called Strike
1-2: Ball
2-2: Ball
3-2: Foul Ball, location: 2F
3-2: SOLO HOME RUN (Line Drive, 9D, EV 106.3 MPH), Distance : 408 ft
Batting: LHB Allen Cosentino 0-0: Reached on error, E6 (Groundball, 6S, EV 69.4 MPH)
Batting: LHB Chris Pulsipher 0-0: Foul Ball, location: 2F
0-1: SINGLE (Line Drive, 3D, EV 104.4 MPH)
Allen Cosentino to second
Batting: RHB Dave Contreras 0-0: Ball
1-0: Ball
2-0: Ball
3-0: Called Strike
3-1: Base on Balls
Allen Cosentino to third
Chris Pulsipher to second
Pitching: RHP Jason Cardenas
Batting: SHB Tomas Caldera 0-0: Called Strike
0-1: Foul Ball, location: 2F
0-2: Grounds into fielders choice 3-2 (Groundball, 34S, EV 75.6 MPH)
Chris Pulsipher to third
Dave Contreras to second
Batting: RHB Jarne ter Horst 0-0: Foul Ball, location: 2F
0-1: Ball
1-1: Foul Ball, location: 2F
1-2: Strikes out swinging
Batting: RHB Jeff Wemp 0-0: Fielders Choice at 2nd, 6-4 (Groundball, 6, EV 83.1 MPH)
Bottom of the 5th over - 3 runs, 4 hits, 1 error, 3 left on base; Jupiter 2 - St. Lucie 5
TOP OF THE 6TH
Jupiter Hammerheads batting - Pitching for St. Lucie Mets : RHP Jeff Wemp
Batting: LHB Joe Rosser 0-0: Fly out, F9 (Flyball, 9, EV 97.5 MPH)
Batting: LHB Randy Racine 0-0: Ball
1-0: Called Strike
1-1: Swinging Strike
1-2: Ball
2-2: Strikes out swinging
Batting: RHB Armando Colon 0-0: Ball
1-0: Called Strike
1-1: Ground out 6-3 (Groundball, 6M, EV 103.1 MPH)
Top of the 6th over - 0 runs, 0 hits, 0 errors, 0 left on base; Jupiter 2 - St. Lucie 5
BOTTOM OF THE 6TH
St. Lucie Mets batting - Pitching for Jupiter Hammerheads : RHP Jason Cardenas
Batting: RHB Steve Reichart 0-0: Swinging Strike
0-1: Foul Ball, location: 2F
0-2: Strikes out looking
Batting: RHB José Molina 0-0: Called Strike
0-1: Foul Ball, location: 2F
0-2: Strikes out swinging
Batting: LHB Julio Crespo 0-0: Ball
1-0: Called Strike
1-1: Ball
2-1: Ball
3-1: Base on Balls
Batting: LHB Allen Cosentino 0-0: Called Strike
0-1: Ball
1-1: Ball
2-1: SINGLE (Groundball, 34D, EV 96.9 MPH)
Julio Crespo to second
Runner from 2nd tries for 3rd, SAFE, throw by RF made to third
Batting: LHB Chris Pulsipher 0-0: Called Strike
0-1: Foul Ball, location: 2F
0-2: Ball
1-2: Foul Ball, location: 2F
1-2: Foul Ball, location: 2F
1-2: Strikes out swinging
Bottom of the 6th over - 0 runs, 1 hit, 0 errors, 2 left on base; Jupiter 2 - St. Lucie 5
TOP OF THE 7TH
Jupiter Hammerheads batting - Pitching for St. Lucie Mets : RHP Jeff Wemp
Batting: LHB Juan Alba 0-0: Ball
1-0: Ball
2-0: Ball
3-0: Called Strike
3-1: SINGLE (Flyball, 5D, EV 90.6 MPH)
Batting: RHB Fytor Sousa 0-0: Called Strike
0-1: Ball
1-1: Swinging Strike
1-2: Strikes out swinging
Batting: SHB Mike Masterson 0-0: Ball
1-0: Called Strike
1-1: Ball
2-1: Fly out, F8 (Flyball, 8RS, EV 85.0 MPH)
Batting: LHB Jason McCants 0-0: Fly out, F9 (Flyball, 9LM, EV 81.3 MPH)
Top of the 7th over - 0 runs, 1 hit, 0 errors, 1 left on base; Jupiter 2 - St. Lucie 5
BOTTOM OF THE 7TH
St. Lucie Mets batting - Pitching for Jupiter Hammerheads : RHP Jason Cardenas
Pitching: RHP Philip Veenstra
Batting: RHB Dave Contreras 0-0: Ground out 5-3 (Groundball, 56, EV 85.0 MPH)
Batting: SHB Tomas Caldera 0-0: SOLO HOME RUN (Flyball, 9D, EV 101.3 MPH), Distance : 426 ft
Batting: RHB Jarne ter Horst 0-0: Swinging Strike
0-1: Swinging Strike
0-2: Foul Ball, location: 2F
0-2: Ball
1-2: Foul Ball, location: 2F
1-2: Ball
2-2: Strikes out looking
Batting: RHB Jeff Wemp 0-0: Foul Ball, location: 2F
0-1: SINGLE (Line Drive, 6D, EV 97.5 MPH)
Batting: RHB Steve Reichart 0-0: Called Strike
0-1: Called Strike
0-2: Ball
1-2: Hit by Pitch
Jeff Wemp to second
Pitching: RHP David Fairbank
Batting: RHB José Molina 0-0: DOUBLE (Line Drive, 9LD, EV 110.0 MPH)
Jeff Wemp scores
Steve Reichart to third
Throwing error, E9
Steve Reichart scores
José Molina to third
Batting: LHB Julio Crespo 0-0: Ball
1-0: Ball
2-0: Ball
3-0: Called Strike
3-1: Foul Ball, location: 2F
3-2: Ground out 4-3 (Groundball, 4, EV 86.9 MPH)
Bottom of the 7th over - 3 runs, 3 hits, 1 error, 1 left on base; Jupiter 2 - St. Lucie 8
TOP OF THE 8TH
Jupiter Hammerheads batting - Pitching for St. Lucie Mets : RHP Jeff Wemp
Pinch Hitting: LHB Manny Barahona 0-0: Ball
1-0: Swinging Strike
1-1: Foul Ball, location: 2F
1-2: Ball
2-2: Strikes out looking
Pitching: RHP Jose Diaz
Batting: RHB Lu Tieh 0-0: Ball
1-0: Called Strike
1-1: Ground out 5-3 (Groundball, 56, EV 80.0 MPH)
Batting: LHB Joe Rosser 0-0: Ball
1-0: Called Strike
1-1: Swinging Strike
1-2: Strikes out swinging
Top of the 8th over - 0 runs, 0 hits, 0 errors, 0 left on base; Jupiter 2 - St. Lucie 8
BOTTOM OF THE 8TH
St. Lucie Mets batting - Pitching for Jupiter Hammerheads : RHP David Fairbank
Pitching: LHP Jose Aguilar
Batting: LHB Allen Cosentino 0-0: Ball
1-0: Ball
2-0: Ball
3-0: Called Strike
3-1: Base on Balls
Batting: LHB Chris Pulsipher 0-0: Foul Ball, location: 2F
0-1: Ball
1-1: Ball
2-1: Fielders Choice at 2nd, 3-6 (Groundball, 34, EV 79.4 MPH)
Batting: RHB Dave Contreras 0-0: Ball
1-0: Foul Ball, location: 2F
1-1: Foul Ball, location: 2F
1-2: Ball
2-2: 2-RUN HOME RUN (Flyball, 78XD, EV 93.8 MPH), Distance : 411 ft
Batting: SHB Tomas Caldera 0-0: Ball
1-0: Swinging Strike
1-1: Foul Ball, location: 2F
1-2: Ball
2-2: Foul Ball, location: 2F
2-2: Strikes out looking
Pitching: RHP Alohi Kuaika
Batting: RHB Jarne ter Horst 0-0: Foul Ball, location: 2F
0-1: Foul Ball, location: 2F
0-2: Ball
1-2: Ball
2-2: Ball
3-2: SINGLE (Groundball, 56, EV 99.4 MPH)
Batting: RHB Jose Diaz 0-0: DOUBLE (Flyball, 8RD, EV 95.0 MPH)
Jarne ter Horst to third
Batting: RHB Steve Reichart 0-0: Ball
1-0: Swinging Strike
1-1: Swinging Strike
1-2: Strikes out swinging
Bottom of the 8th over - 2 runs, 3 hits, 0 errors, 2 left on base; Jupiter 2 - St. Lucie 10
TOP OF THE 9TH
Jupiter Hammerheads batting - Pitching for St. Lucie Mets : RHP Jose Diaz
Batting: LHB Randy Racine 0-0: Ground out 4-3 (Groundball, 34, EV 100.6 MPH)
Batting: RHB Armando Colon 0-0: Called Strike
0-1: Fly out, F3 (Popup, 3, EV 63.1 MPH)
Batting: LHB Juan Alba 0-0: Called Strike
0-1: Foul Ball, location: 2F
0-2: Ball
1-2: DOUBLE (Flyball, 89XD, EV 110.0 MPH)
Batting: RHB Fytor Sousa 0-0: Ball
1-0: Foul Ball, location: 2F
1-1: Ball
2-1: Foul Ball, location: 2F
2-2: Ball
3-2: Base on Balls
Batting: SHB Mike Masterson 0-0: Called Strike
0-1: Ball
1-1: Foul Ball, location: 2F
1-2: Ball
2-2: Strikes out looking
Top of the 9th over - 0 runs, 1 hit, 0 errors, 2 left on base; Jupiter 2 - St. Lucie 10
Wednesday, June 22nd , 2022 - OOTP Baseball 23.4 Build 64